 Dungeon Crawl Stone Soup version 0.30-b1-2-g02819fbbbe (webtiles) character file.

Game seed: 8629095838211362919

1206 funkygono the Cleaver (level 8, -7/70 HPs)
             Began as a Minotaur Fighter on July 17, 2023.
             Was a Believer of Okawaru.
             Killed by divine providence
             ... invoked by an orc priest
              (17 damage)
             ... on level 6 of the Dungeon.
             The game lasted 00:05:53 (4115 turns).

funkygono the Cleaver (Minotaur Fighter)            Turns: 4115, Time: 00:05:54

Health: -7/70      AC: 10    Str: 24    XL:     8   Next: 21%
Magic:  16/16      EV: 10    Int:  5    God:    Okawaru [**....]
Gold:   283        SH:  4    Dex:  9    Spells: 7/7 levels left

rFire   . . .        a - +0 war axe
rCold   . . .        c - +0 buckler
rNeg    . . .        b - +0 scale mail
rPois   .            (helmet restricted)
rElec   .            p - +1 cloak
rCorr   .            (no gloves)
SInv    .            (no boots)
Will    .....        (no amulet) Stlth
                     t - ring of magical power
HPRegen 0.31/turn    (no ring)
MPRegen 0.15/turn

%: no passive effects
@: no status effects
A: horns 2, retaliatory headbutt
a: Renounce Religion, Heroism


You were on level 6 of the Dungeon.
You worshipped Okawaru.
Okawaru was pleased with you.
You visited 2 branches of the dungeon, and saw 7 of its levels.

You collected 283 gold pieces.

Inventory:

Hand Weapons
 a - a +0 war axe (weapon)
Missiles
 f - 10 boomerangs (quivered)
 o - 66 stones
Armour
 b - a +0 scale mail (worn)
 c - a +0 buckler (worn)
 p - a +1 cloak (worn)
Jewellery
 t - a ring of magical power (left hand)
Wands
 q - a wand of acid (8)
Scrolls
 j - a scroll of amnesia {unknown}
 r - a scroll of summoning {unknown}
 s - a scroll of teleportation
Potions
 d - 4 potions of might
 e - a potion of berserk rage {unknown}
 g - 2 potions of haste {unknown}
 h - 4 potions of curing
 i - a potion of ambrosia {unknown}
 k - a potion of degeneration {unknown}
 l - a potion of lignification {unknown}
 m - a potion of brilliance {unknown}
 n - 3 potions of resistance
 u - a potion of magic {unknown}
 v - a potion of attraction {unknown}


   Skills:
 + Level 6.0 Fighting
 + Level 8.0 Axes
 + Level 6.9 Armour
 + Level 1.7 Dodging
 + Level 1.0 Stealth
 + Level 5.1 Shields


You had 7 spell levels left.
You didn't know any spells.
Your spell library contained the following spells:

 Spells                   Type           Power      Damage    Failure   Level
 Apportation              Tloc           0%         N/A       80%         1
 Freeze                   Ice            0%         1d3       80%         1
 Necrotise                Necr           0%         1d4       80%         1
 Dazzling Flash           Conj/Hex       0%         N/A       99%         3
 Frozen Ramparts          Ice            0%         1d1       99%         3
 Hailstorm                Conj/Ice       0%         3d3       99%         3
 Vhi's Electric Charge    Tloc/Air       0%         N/A       99%         3
 Volatile Blastmotes      Fire/Tloc      0%         2d10      99%         3
 Fulminant Prism          Conj/Hex       0%         3d5       100%        4
 Iskenderun's Mystic Bla  Conj/Tloc      0%         2d3       100%        4
 Arcjolt                  Conj/Air       0%         1d10      100%        5
 Lee's Rapid Deconstruct  Erth           0%         3d4*      100%        5
 Starburst                Conj/Fire      0%         6d3       100%        6
 Maxwell's Capacitive Co  Air            0%         ∞         100%        8
 Summon Small Mammal      Summ           Unusable   N/A       N/A         1

Dungeon Overview and Level Annotations

Branches:
Dungeon (6/15)             Temple (1/1) D:4

Altars:
Ashenzari
Dithmenos
Hepliaklqana
Kikubaaqudgha
Makhleb
Nemelex Xobeh
Okawaru
Qazlal
Ru
Sif Muna
Trog
Uskayaw
Vehumet
Wu Jian
Xom
Yredelemnul
Zin

Shops:
D:2 *


Innate Abilities, Weirdness & Mutations

You have a pair of horns on your head.
You reflexively headbutt those who attack you in melee.


Message History

You headbutt the orc priest, but do no damage.
The orc priest is heavily wounded.
The orc priest hits you but does no damage.
The orc priest looks braver for a moment.
You bump into the rock wall.
The orc priest hits you but does no damage.
The orc priest calls upon Beogh to heal the orc priest.
The orc priest is healed somewhat.
You bump into the rock wall.
The orc priest hits you with a +0 morningstar.
You slash the orc priest!
The orc priest is severely wounded.
The orc priest hits you with a +0 morningstar.
You bump into the rock wall.
You feel less confused. The orc priest closely misses you.
You hit the orc priest.
You kill the orc priest!
Okawaru accepts your kill.
The orc priest looks satisfied for a moment.
You block the orc priest's attack.
You see here a +0 morningstar.
You slash the orc priest!
The orc priest is heavily wounded.
The orc priest invokes the aid of Beogh against you.
Beogh smites you!
You closely miss the orc priest.
The orc priest is heavily wounded.
The orc priest hits you with a +0 hand axe.
You hit the orc priest. Your headbutt misses the orc priest.
The orc priest is heavily wounded.
The orc priest calls down the wrath of Beogh upon you.
Beogh smites you!
* * * LOW HITPOINT WARNING * * *
The orc priest hits you but does no damage.
You barely miss the orc priest. Your headbutt misses the orc priest.
The orc priest is heavily wounded.
The orc priest invokes the aid of Beogh against you.
Beogh smites you!
You die...

###########
##..oo@....#
#...######.#
#...# #.##
#...#
#..###########
#...#
##............
#...#
####.#.......
#####...##
#.#.......
#§§§..os8#
##.#)......
#####...##
#####..#.......


You could see an orc priest and an orc.

Vanquished Creatures
  Pargi (D:4)
  A water moccasin (D:5)
  An ice beast (D:5)
  A black bear (D:6)
  A centaur (D:5)
  3 phantoms
  3 scorpions
  An orc priest (D:6)
  A hound (D:4)
  3 sleepcaps
  2 iguanas (D:5)
  An orc wizard (D:6)
  Robin (D:4)
  3 adders
  A white imp (D:5)
  2 worms
  2 dart slugs
  2 orcs (D:3)
  3 endoplasms
  3 giant cockroaches
  14 goblins
  5 hobgoblins
  3 jackals (D:2)
  3 quokkas
  5 ball pythons
  7 bats
  3 frilled lizards
  2 kobolds
  7 rats
85 creatures vanquished.

Vanquished Creatures (others)
  An orc wizard (D:6)
1 creature vanquished.

Grand Total: 86 creatures vanquished

Notes
Turn   | Place    | Note
-------+----------+-------------------------------------------
     0 | D:1      | funkygono the Minotaur Fighter began the quest for the Orb.
     0 | D:1      | Reached XP level 1. HP: 19/19 MP: 0/0
   292 | D:1      | Reached XP level 2. HP: 21/27 MP: 1/1
   707 | D:2      | Found Apludor's Assorted Antiques.
   709 | D:2      | You fall into a shaft and drop 1 floor!
   815 | D:3      | Reached XP level 3. HP: 31/33 MP: 2/2
  1040 | D:2      | Reached skill level 3 in Axes
  1065 | D:2      | Found a faded altar of an unknown god.
  1720 | D:4      | Reached XP level 4. HP: 40/41 MP: 3/3
  1720 | D:4      | Noticed Robin
  1741 | D:4      | Killed Robin
  1949 | D:4      | Identified the +5 whip "Tyokesm" {vamp, rPois rN+}
  2003 | D:4      | Noticed Pargi
  2013 | D:4      | Killed Pargi
  2014 | D:4      | Reached skill level 4 in Axes
  2014 | D:4      | Reached XP level 5. HP: 30/47 MP: 4/4
  2332 | D:4      | Found a staircase to the Ecumenical Temple.
  2343 | D:4      | Reached skill level 5 in Axes
  2343 | D:4      | Reached skill level 1 in Dodging
  2347 | Temple   | Entered the Ecumenical Temple
  2466 | Temple   | Became a worshipper of Warmaster Okawaru
  2757 | D:5      | Entered Level 5 of the Dungeon
  2771 | D:5      | Reached XP level 6. HP: 47/55 MP: 5/5
  2813 | D:5      | Reached skill level 5 in Fighting
  2813 | D:5      | Reached skill level 5 in Armour
  2913 | D:5      | Noticed a water moccasin
  2926 | D:5      | Killed a water moccasin
  2926 | D:5      | Reached * piety under Okawaru
  2927 | D:5      | Reached skill level 6 in Axes
  2927 | D:5      | Reached XP level 7. HP: 44/61 MP: 6/6
  3276 | D:5      | Found a sacrificial altar of Ru.
  3276 | D:5      | Found a radiant altar of Vehumet.
  3488 | D:5      | Reached skill level 7 in Axes
  3488 | D:5      | Reached skill level 1 in Stealth
  3655 | D:5      | Reached skill level 5 in Shields
  3809 | D:6      | Reached ** piety under Okawaru
  3980 | D:6      | Reached XP level 8. HP: 70/70 MP: 7/7
  4088 | D:6      | Reached skill level 8 in Axes
  4115 | D:6      | Killed from afar by an orc priest

Illustrated notes

Levels and vault maps discovered:
D:1:      dpeg_arrival_orchard, layout_basic
D:2:      layout_rooms, serial_shops, nicolae_shop_waterfront,
          hellmonk_ecumenical_altar_dog_temple,
          hangedman_abyss_or_decor_lesser_grid, dreamdust_mushroom_princess,
          hex_medium
D:3:      layout_rooms
D:4:      layout_loops_corners, minmay_temple_entry_mini_moons, uniq_pargi,
          uniq_robin
D:5:      layout_loops_cross, gammafunk_temple_overflow_pools,
          skrybe_limestone_x, minivault_26, solitary_fountain
D:6:      layout_rooms, old_standard_altar, wad_floor_pattern_1,
          lemuel_flamethrower_1
Temple:   hellmonk_temple_of_storms

Skill      XL: |  1  2  3  4  5  6  7  8 |
---------------+-------------------------+-----
Fighting       | 4 5 6 |  6.0
Armour         | 4 5 6 |  6.9
Shields        | 4 5 |  5.1
Axes           | 3 4 5 6 7 8 |  8.0
Dodging        | 1 |  1.7
Stealth        | 1 |  1.0

Action                     |  1- 3 |  4- 6 |  7- 9 || total
---------------------------+-------+-------+-------++-------
  Melee: War axe           |   115 |    57 |   102 ||   274
         Headbutt          |    17 |     8 |    14 ||    39
    Use: Scroll            |     8 |     1 |     1 ||    10
 Armour: Scale mail        |    78 |    47 |    64 ||   189
  Dodge: Dodged            |    47 |    37 |    37 ||   121
  Block: Buckler           |    27 |    17 |    16 ||    60
